 Dungeon Crawl Stone Soup version 0.31-a0-188-g5e087ee2ca (webtiles) character file.

Game seed: 15325784535196859438

59 qw the Shooter (level 3, 0/20 HPs)
             Began as a Deep Elf Hunter on June 23, 2023.
             Slain by a gnoll
             ... wielding a +0 halberd
              (10 damage)
             ... on level 2 of the Dungeon.
             The game lasted 00:00:16 (877 turns).

qw the Shooter (Deep Elf Hunter)                     Turns: 877, Time: 00:00:17

Health: 0/20       AC:  6    Str: 10    XL:     3   Next: 78%
Magic:  5/5        EV: 11    Int: 13    God:
Gold:   21         SH:  0    Dex: 18    Spells: 2/2 levels left

rFire   . . .        Y - +1 shortbow
rCold   . . .        (shield currently unavailable)
rNeg    . . .        e - +1 ring mail
rPois   .            (no helmet)
rElec   .            (no cloak)
rCorr   .            (no gloves)
SInv    .            (no boots)
Will    .....        (no amulet)
Stlth   +            (no ring)
HPRegen 0.23/turn    (no ring)
MPRegen 0.09/turn

%: no passive effects
@: no status effects
A: no striking features
a: no special abilities


You were on level 2 of the Dungeon.
You visited 1 branch of the dungeon, and saw 2 of its levels.

You collected 103 gold pieces.
You spent 82 gold pieces at shops.


   Skills:
 - Level 1.5 Fighting
 + Level 7.3 Ranged Weapons
 - Level 2.4 Dodging
 - Level 1.2 Stealth


You had 2 spell levels left.
You didn't know any spells.
Your spell library was empty.

Inventory:

Hand Weapons
 Y - a +1 shortbow (weapon)
Armour
 e - a +1 ring mail (worn)
Scrolls
 a - a scroll of identify
 h - a scroll of summoning {unknown}
Potions
 b - 2 potions of invisibility {unknown}
 d - a potion of curing {unknown}
 f - a potion of brilliance {unknown}
 g - a potion of degeneration {unknown}

Dungeon Overview and Level Annotations

Branches:
Dungeon (2/15)

Altars:

Shops:
D:2 (=?

Annotations:
D:2 exclusion: 2 gnolls


Message History

You open the door. 2 jackals and a gnoll come into view.
Enter note:
Enter note:
Enter note:
Enter note: You shoot an arrow.
The arrow hits the jackal.
You kill the jackal!
The jackal barks!
The gnoll shouts!
You shoot an arrow. The arrow hits the jackal.
You kill the jackal!
The gnoll misses you.
You shoot an arrow. The arrow hits the gnoll.
The gnoll is moderately wounded.
The gnoll closely misses you.
You shoot an arrow. The arrow hits the gnoll.
The gnoll is severely wounded.
The gnoll barely misses you.
You shoot an arrow. The arrow hits the gnoll.
The gnoll is almost dead.
The gnoll hits you from afar with a +0 halberd!
Ouch! That really hurt!
Enter note:
Enter note:
Enter note:
Enter note:
875 ||| READING scroll labelled QYILAECIMU.
As you read the scroll labelled QYILAECIMU, it crumbles to dust.
It is a scroll of enchant weapon.
Your +0 shortbow glows red for a moment.
The gnoll closely misses you.
Enter note:
Enter note:
Enter note:
Enter note:
Enter note:
Enter note: The gnoll hits you from afar with a +0 halberd!
Ouch! That really hurt!
You die...

##.....#......#
..............#
.#...###.###..# .#.#...###
#..# .###.#.... #..###
.....#####.#....# ##.....#
#......###
#.#.######.......# ########
#.#.........P.P@.# #......#
#.#.......###g#### #.#.##.#
#.#...###.#...+ #.#.##.#
#.....# #.#..%# #.#.##.#
###...###.#...+ ###.#....#
#.......##### #.<..%.###
#.>.#.......#####.#.##.#####
##[##.#####.#.....#.##...\.#
#.##(..###......##..+%....#


You could see a gnoll.

Vanquished Creatures
  Jessica (D:2)
  An adder (D:2)
  6 bats
  An endoplasm (D:2)
  A giant cockroach (D:1)
  A hobgoblin (D:1)
  6 jackals (D:2)
  3 ball pythons (D:1)
  3 kobolds
  A rat (D:1)
24 creatures vanquished.

Notes
Turn   | Place    | Note
-------+----------+-------------------------------------------
     0 | D:1      | qw the Deep Elf Hunter began the quest for the Orb.
     0 | D:1      | Reached XP level 1. HP: 12/12 MP: 3/3
     0 | D:1      | 0 ||| qw: Version: 0.3-a-9-g12657ce
     0 | D:1      | 0 ||| qw: Game counter: 3943
     0 | D:1      | 0 ||| qw: Always use a shield: true
     0 | D:1      | 0 ||| qw: God list: Okawaru
     0 | D:1      | 0 ||| qw: Allow faded altars: false
     0 | D:1      | 0 ||| qw: Do Orc after D:15 true
     0 | D:1      | 0 ||| qw: Do second Lair branch before Depths: true
     0 | D:1      | 0 ||| qw: Lair rune preference: random
     0 | D:1      | 0 ||| qw: Plans: Normal
     0 | D:1      | 0 ||| PLANNING D:1-11
   388 | D:1      | Reached XP level 2. HP: 16/16 MP: 4/4
   399 | D:1      | Reached skill level 6 in Ranged Weapons
   517 | D:1      | 517 ||| UPGRADING to +0 ring mail.
   527 | D:1      | 527 ||| DROPPING +0 leather armour.
   528 | D:1      | 528 ||| READING 2 scrolls labelled UCLUSHR SAVIQ.
   529 | D:1      | 529 ||| READING scroll labelled BAMIDO HAOT.
   530 | D:1      | 530 ||| DROPPING scroll of butterflies.
   561 | D:2      | Identified the +3 dagger "Wivug" {speed, rElec Str+3 Dex-4}
   589 | D:2      | Noticed Jessica
   592 | D:2      | Killed Jessica
   593 | D:2      | Reached skill level 7 in Ranged Weapons
   593 | D:2      | Reached XP level 3. HP: 20/20 MP: 5/5
   667 | D:2      | Found Marul's Weapon Shop.
   739 | D:2      | Found Itite's Magic Scroll Emporium.
   747 | D:2      | 747 ||| SHOPLISTING scroll of brand weapon (104 gold, have
                  | 91).
   747 | D:2      | 747 ||| BUYING scroll of enchant armour (82 gold).
   747 | D:2      | Bought a scroll of enchant armour for 82 gold pieces
   747 | D:2      | 747 ||| SHOPLISTING scroll of identify (22 gold, have 9).
   747 | D:2      | 747 ||| SHOPLISTING scroll of teleportation (33 gold, have
                  | 9).
   747 | D:2      | 747 ||| READING scroll of enchant armour.
   747 | D:2      | 747 ||| ENCHANTING +0 ring mail.
   754 | D:2      | Found Ufrepes's Jewellery Emporium.
   763 | D:2      | 763 ||| SHOPLISTING +6 ring of dexterity (504 gold, have
                  | 9).
   763 | D:2      | 763 ||| SHOPLISTING amulet of faith (560 gold, have 9).
   763 | D:2      | 763 ||| SHOPLISTING amulet of reflection (420 gold, have
                  | 9).
   763 | D:2      | 763 ||| SHOPLISTING ring "Quityg" {rN+ Int-2 Dex+6 Slay+3}
                  | (778 gold, have 9).
   763 | D:2      | 763 ||| SHOPLISTING ring of Ygeiraic {rC++ rN+} (623 gold,
                  | have 9).
   763 | D:2      | 763 ||| SHOPLISTING ring of fire (350 gold, have 9).
   763 | D:2      | 763 ||| SHOPLISTING ring of resist corrosion (280 gold,
                  | have 9).
   875 | D:2      | 875 ||| READING scroll labelled QYILAECIMU.
   877 | D:2      | Slain by a gnoll

Levels and vault maps discovered:
D:1:      eino_arrival_water_cross, layout_basic, grunt_decor_one_mirror
D:2:      layout_basic, serial_shops, nicolae_shop_hallway_plus, shop,
          nicolae_shop_rolling_square, cheibrodos_gnoll_hut, uniq_jessica

Skill      XL: |  1  2 |
---------------+-------+-----
Ranged Weapons | 7 |  7.3
Fighting       | |  1.5
Dodging        | |  2.4
Stealth        | |  1.2

Action                     || total
---------------------------++-------
   Fire: Shortbow          ||    54
    Use: Scroll            ||     4
 Armour: Ring mail         ||    10
  Dodge: Dodged            ||    17

Table legend:
 A = Non-vault XP
 B = Vault XP
 C = Vault XP percentage of total XP
 D = Non-vault monster count
 E = Vault monster count
 F = Vault count percentage of total count
                 A         B        C        D         E       F
            +---------+---------+-------+---------+---------+-------
      Total |      44 |      41 |  48.2 |      21 |       3 |  12.5
            +---------+---------+-------+---------+---------+-------
        D:1 |      15 |       0 |   0.0 |      11 |       0 |   0.0
        D:2 |      29 |      41 |  58.6 |      10 |       3 |  23.1
            +---------+---------+-------+---------+---------+-------
